Map: Port Aleksander LE

Players

Throwfordays - Winner!

  • Race: Protoss Protoss
  • League: Silver
  • Spawn Location: 5:00

feast

  • Race: Zerg Zerg
  • League: Silver
  • Spawn Location: 11:00

VOD

Have the link to the VOD?

Description

Time

  • Played on: Feb. 10, 2019, 6:02 p.m.
  • Length: 15:17
Show
View Real Time Build Order
Export as new Build Order

Throwfordays Protoss - Winner!

Build Orders:  

Get SALT Encoding   

  12  0:00  Probe  
  13  0:13  Probe  
  14  0:22  Pylon  
  14  0:25  Probe  
  15  0:40  Probe  
  15  0:41  Gateway  
  16  0:52  Probe  
  17  0:57  Assimilator  
  17  1:04  Probe  
  18  1:16  Probe  
  19  1:28  Probe  
  19  1:32  Cybernetics Core  
  20  1:38  Warp Gate  
  20  1:40  Probe  
  21  1:58  Pylon, Nexus  
  21  2:06  Gateway  
  21  2:20  Forge  
  21  2:30  Twilight Council  
  21  2:44  Assimilator, Probe  
  21  2:45  Protoss Ground Weapons Level 1  
  22  2:56  Probe  
  23  3:08  Probe  
  23  3:10  Probe  
  25  3:13  Adept  
  25  3:16  Adept  
  25  3:18  Probe  
  29  3:20  Probe  
  29  3:26  Probe  
  31  3:32  Probe  
  33  3:35  Photon Cannon  
  33  3:36  Probe  
  34  3:45  Probe  
  35  3:49  Photon Cannon  
  35  3:57  Probe  
  35  4:00  Photon Cannon  
  36  4:11  Resonating Glaives  
  36  4:13  Probe  
  36  4:16  Assimilator  
  37  4:18  Assimilator  
  37  4:21  Probe  
  38  4:25  Probe  
  39  4:33  Probe  
  39  4:34  Pylon  
  39  4:37  Probe  
  41  4:41  Protoss Ground Armor Level 1  
  41  4:43  Adept  
  41  4:44  Adept  
  45  4:45  Probe  
  45  4:52  Probe  
  47  4:56  Pylon  
  47  4:57  Probe  
  47  4:58  Pylon  
  48  5:03  Pylon  
  48  5:04  Probe  
  49  5:07  Forge  
  49  5:10  Probe  
  50  5:16  Stalker x2  
  50  5:19  Probe  
  55  5:22  Probe  
  55  5:26  Robotics Facility  
  56  5:31  Probe  
  57  5:40  Dark Shrine  
  57  5:43  Probe  
  58  5:50  Gateway  
  58  5:51  Blink  
  58  5:52  Gateway  
  58  5:53  Gateway  
  58  6:09  Protoss Ground Weapons Level 2  
  58  6:13  Nexus  
  58  6:16  Pylon  
  59  6:18  Observer  
  59  6:27  Protoss Ground Armor Level 2  
  59  6:31  Stalker  
  59  6:32  Stalker  
  64  6:40  Observer  
  64  6:54  Shadow Stride  
  64  7:18  Probe  
  64  7:21  Probe  
  66  7:30  Probe, Robotics Bay  
  66  7:33  Probe  
  66  7:34  Stargate  
  68  7:37  Stargate  
  68  7:38  Zealot x3  
  68  7:39  Zealot x2  
  68  7:43  Probe  
  79  7:45  Probe  
  80  7:52  Charge  
  80  7:55  Probe  
  80  7:57  Probe  
  78  8:07  Probe  
  78  8:09  Probe  
  74  8:23  Phoenix x2  
  78  8:27  Protoss Air Weapons Level 1  
  78  8:33  Photon Cannon  
  78  8:34  Stalker x2  
  80  8:35  Photon Cannon, Stalker  
  80  8:36  Stalker  
  80  8:37  Protoss Ground Weapons Level 3  
  80  8:38  Photon Cannon  
  80  8:41  Photon Cannon  
  85  8:43  Photon Cannon  
  85  8:48  Assimilator, Photon Cannon, Phoenix x2  
  87  8:50  Assimilator  
  87  8:53  Photon Cannon  
  87  8:54  Photon Cannon  
  89  8:59  Photon Cannon  
  89  9:19  Phoenix x2  
  93  9:29  Pylon  
  93  9:38  Pylon  
  93  9:41  Pylon  
  93  9:50  Phoenix  
  85  9:59  Phoenix  
  75  10:37  Phoenix x2  
  79  10:52  Extended Thermal Lance  
  79  10:58  Nexus  
  79  11:02  Assimilator, Phoenix x2  
  79  11:03  Assimilator  
  83  11:09  Pylon  
  83  11:14  Protoss Ground Armor Level 3  
  79  11:21  Protoss Shields Level 1  
  67  11:27  Phoenix x2  
  67  11:28  Protoss Air Armor Level 1  
  65  11:48  Probe  
  65  11:50  Probe  
  65  11:52  Phoenix  
  69  12:00  Probe  
  70  12:02  Probe  
  70  12:05  Phoenix  
  73  12:10  Fleet Beacon  
  73  12:12  Cybernetics Core  
  73  12:13  Probe  
  73  12:14  Probe  
  75  12:24  Adept x3  
  75  12:25  Adept, Probe  
  75  12:26  Probe  
  85  12:33  Pylon  
  85  12:34  Pylon  
  85  12:37  Pylon, Probe x2  
  86  12:38  Probe  
  86  12:40  Pylon  
  86  12:43  Pylon, Anion Pulse-Crystals  
  88  12:49  Stargate, Probe  
  89  12:55  Protoss Air Weapons Level 2  
  89  12:58  Stargate  
  89  13:01  Probe  
  90  13:11  Phoenix  
  90  13:12  Phoenix  
  94  13:13  Probe  
  95  13:25  Probe  
  95  13:26  Zealot x3  
  102  13:27  Zealot  
  102  13:30  Pylon  
  102  13:31  Nexus  
  104  14:02  Zealot x4  
  110  14:26  Pylon  
  106  15:02  Zealot x4  
  114  15:13  Gateway  
  114  15:16  Gateway  
Show
View Real Time Build Order
Export as new Build Order

feast Zerg 

Build Orders: Pool First 

Get SALT Encoding   

  12  0:05  Drone  
  13  0:12  Drone  
  14  0:23  Overlord  
  14  0:42  Spawning Pool  
  13  0:44  Drone x2  
  13  0:48  Drone  
  16  0:54  Extractor  
  15  0:57  Extractor  
  15  0:59  Drone  
  15  1:08  Drone  
  16  1:26  Drone  
  16  1:31  Queen  
  19  1:33  Zergling x2  
  20  1:40  Overlord  
  20  1:50  Drone  
  21  2:06  Zergling x2  
  22  2:17  Lair  
  22  2:31  Drone  
  22  2:34  Drone, Hatchery  
  23  2:49  Zergling x10  
  28  3:02  Overlord  
  28  3:11  Metabolic Boost  
  28  3:22  Drone x2, Spire  
  28  3:23  Drone  
  30  3:48  Queen  
  30  3:49  Drone  
  33  3:56  Extractor  
  33  4:00  Drone  
  33  4:01  Drone x3  
  36  4:06  Extractor  
  36  4:07  Drone  
  36  4:11  Drone  
  37  4:21  Drone x2  
  39  4:25  Drone  
  39  4:26  Drone  
  41  4:35  Mutalisk  
  43  4:50  Overlord x2  
  43  4:51  Overlord  
  43  4:59  Zerg Flyer Weapons Level 1  
  43  5:01  Overseer  
  43  5:08  Queen  
  43  5:09  Drone x2  
  43  5:10  Drone x3  
  50  5:18  Mutalisk  
  50  5:19  Mutalisk  
  54  5:23  Mutalisk  
  56  5:43  Mutalisk  
  58  5:57  Overlord x3  
  58  6:06  Drone x3  
  61  6:15  Mutalisk  
  61  6:16  Mutalisk  
  65  6:25  Drone x3  
  68  6:29  Drone  
  69  6:39  Mutalisk  
  71  6:45  Overlord x3  
  71  6:46  Overlord x3  
  71  6:53  Zerg Flyer Armor Level 1  
  71  7:12  Hatchery  
  70  7:20  Hatchery  
  70  7:21  Mutalisk x4  
  77  7:40  Infestation Pit  
  76  7:51  Queen  
  76  7:53  Mutalisk  
  76  7:54  Mutalisk  
  76  7:55  Zergling x2  
  76  7:56  Zergling x6  
  86  8:47  Zerg Flyer Weapons Level 2  
  86  8:59  Hive  
  86  9:00  Mutalisk x4  
  86  9:01  Mutalisk  
  96  9:45  Drone x3  
  99  9:53  Drone  
  99  9:54  Drone x4  
  99  9:55  Drone x4  
  108  10:06  Drone x3  
  102  10:19  Adrenal Glands  
  88  10:26  Mutalisk  
  88  10:27  Mutalisk x4  
  84  10:30  Mutalisk  
  84  10:45  Zergling x6  
  84  10:46  Zergling x4  
  89  10:52  Zergling x6  
  89  10:53  Mutalisk  
  89  10:54  Mutalisk x2  
  89  10:56  Zergling x8  
  102  11:01  Zergling x8  
  102  11:02  Zergling x2, Zerg Flyer Armor Level 2  
  99  11:40  Mutalisk x3  
  105  12:06  Hatchery  
  105  12:07  Extractor  
  103  12:10  Extractor, Mutalisk  
  103  12:11  Mutalisk x4  
  112  12:17  Drone x3  
  115  12:23  Drone x3  
  118  12:30  Mutalisk x2  
  122  12:38  Zergling x6  
  122  12:42  Zergling x8  
  122  12:43  Zergling x2  
  130  12:58  Zergling x6  
  133  13:07  Mutalisk x2  
  137  13:12  Overlord  
  137  13:13  Overlord x2  
  137  13:27  Mutalisk  
  137  13:32  Overlord x3  
  137  13:33  Overlord x4  
  139  13:39  Mutalisk x2  
  143  13:43  Zergling x8  
  143  13:44  Zergling x4  
  143  13:46  Queen  
  143  13:47  Drone x3  
  154  13:53  Extractor  
  153  13:55  Extractor  
  149  14:19  Hatchery  
  149  14:22  Hatchery  
Tags
 
Add a new tag
Caveats
  • Supply blocks, unpowered buildings, or Contaminate may cause inaccurate times.
  • Supply counts are checked every 10 seconds.